[Event "*** Titled Tuesday Blitz"]
[Site "Chess.com"]
[Date "2020.11.03"]
[Round "10"]
[White "BlackBoarder"]
[Black "CM_rui"]
[Result "1-0"]
[WhiteElo "2534"]
[BlackElo "2396"]
[TimeControl "180+1"]
[EndTime "12:00:48 PST"]
[Termination "BlackBoarder won by checkmate"]

1. e4 e5 2. Nf3 Nc6 3. d4 exd4 4. Bc4 Nf6 5. O-O Be7 6. e5 Ng8 7. Re1 d5 8. exd6 Qxd6 9. Ng5 Nh6 10. Ne4 Qg6 11.
Bd3 Bf5 12. Bxh6 gxh6 13. Qf3 O-O-O 14. Nd6+ Qxd6 15. Qxf5+ Kb8 16. Nd2 Rhg8 17. Ne4 Qg6 18. Ng3 Bd6 19. Qb5 Qg5 20. Qxg5 hxg5 21. Bxh7 Rh8 22.
Bd3 Ne5 23. Re2 Ng4 24. h3 Bxg3 25. fxg3 Ne3 26. Rf2 Rhf8 27. g4 c5 28. Re1 c4 29.
Bf5 b5 30. c3 Nxf5 31. Rxf5 d3 32. Rxb5+ Ka8 33. Rxg5 Rfe8 34. Rxe8 Rxe8 35. Rd5 Re2 36.
b3 Rxa2 37. bxc4 d2 38. Kh2 Rc2 39. h4 Kb7 40. h5 Rxc3 41. Rxd2 Rxc4 42. Kh3 a5 43. h6 a4 44. h7 Rc1 45. Kh2 Rc8 46. Rf2 a3 47. Rxf7+ Kb6 48. Rf6+ Kb5 49. Rf7 Kb6 50.
Rf6+ Kb5 51. Rf3 Kb4 52. Rf7 a2 53. Ra7 Kb3 54. g5 Rc7 55. h8=Q Rxa7 56. Qa1 Rh7+ 57. Kg3 Ka3 58. g6 Rb7 59. g7 Rb3+ 60. Kg4 Rb4+ 61.
Kh5 Rb5+ 62. Kh6 Rb6+ 63. Kh7 Rb7 64. Kh8 Rb8+ 65. g8=Q Rb7 66. Qaxa2+ Kb4 67. Qgc4# 1-0

[Event "*** Titled Tuesday Blitz"]
[Site "Chess.com"]
[Date "2020.11.03"]
[Round "10"]
[White "Quiet_Desperation"]
[Black "Deepweb2020"]
[Result "1-0"]
[WhiteElo "1858"]
[BlackElo "2235"]
[TimeControl "180+1"]
[EndTime "12:00:50 PST"]
[Termination "Quiet_Desperation won by checkmate"]

1. Nf3 Nf6 2. b3 a5 3. a4 b6 4. Bb2 Bb7 5. e3 e6 6. Be2 d5 7. O-O Bd6 8. d4 h5 9. Nbd2 Rh6 10. Ne5 Nbd7 11. f4 Qe7 12. c4 c5 13. Bf3 h4 14.
Qe2 h3 15. g3 O-O-O 16. cxd5 Nxd5 17. Ndc4 Bxe5 18. dxe5 f6 19. Rac1 Kb8 20. Nd6 g5 21.
Nxb7 Kxb7 22. f5 Nxe5 23. Bxe5 fxe5 24. fxe6 Qxe6 25. Be4 Kc7 26. Qa6 Qc6 27. Rf7+ Rd7 28.
Qa7+ Kd6 29. Rxd7+ Qxd7 30. Qxd7+ Kxd7 31. Bxd5 Rd6 32.
e4 g4 33. Rf1 Rg6 34. Rf5 Kd6 35.
Rf8 c4 36. bxc4 Kc5 37. Re8 Kd4 38. Re6 Rg8 39. Rxb6 Rf8 40. Rb1 Ke3 41. c5 Rc8 42. c6 Kd2 43. Rb2+ Kc3 44. Rf2 Kd3 45. Rf7 Ke3 46. c7 Ke2 47. Bb7 Re8 48. c8=Q Rxc8 49. Bxc8 Ke3 50. Bb7 Ke2 51. Rf2+ Ke3 52. Rb2 Kd3 53. Rb5 Ke3 54. Rxa5 Kd4 55. Rb5 Ke3 56. Rxe5 Kd4 57. Rg5 Ke3 58. Rxg4 Kd4 59. Rh4 Ke3 60. Rxh3 Kd4 61. g4 Ke5 62. Rg3 Kd4 63. g5 Ke5 64. g6 Kd4 65. g7 Ke5 66. g8=Q Kd4 67. Qd5# 1-0

[Event "*** Titled Tuesday Blitz"]
[Site "Chess.com"]
[Date "2020.11.03"]
[Round "10"]
[White "elohunter1999"]
[Black "tdf98pantani"]
[Result "0-1"]
[WhiteElo "2533"]
[BlackElo "2724"]
[TimeControl "180+1"]
[EndTime "12:00:52 PST"]
[Termination "tdf98pantani won on time"]

1. e4 e5 2. Nf3 Nc6 3. Bc4 Bc5 4. c3 Nf6 5. d3 d6 6. O-O O-O 7. h3 a6 8. a4 h6 9. Re1 Re8 10. Nbd2 Ba7 11. Nf1 Nh5 12. b4 Qf6 13. Ne3 Nf4 14.
Nd5 Nxd5 15. Bxd5 Ne7 16. Bb3 Ng6 17. Be3 Nf4 18. Bxa7 Rxa7 19. Nh2 Qg5 20. Qf3 Bxh3 21. g3 Be6 22. Bxe6 fxe6 23. Kf1 Nh5 24. Qg4 Qxg4 25. Nxg4 Rf8 26. Ke2 a5 27. b5 Raa8 28. Rh1 Nf6 29. Ne3 b6 30. f3 Rad8 31. d4 Nd7 32. Ng4 exd4 33. cxd4 e5 34. Rac1 Rc8 35. dxe5 Nxe5 36. Nxe5 dxe5 37. Rc6 Rf7 38. Rh5 Re7 39. Ke3 Kf7 40.
f4 exf4+ 41. gxf4 Ke8 42. Rd5 Rd8 43. Rxd8+ Kxd8 44. e5 Rd7 45. Ke4 Ke7 46. f5 Kd8 47. Rg6 Re7 48. Kd5 Kd7 49. e6+ Kd8 50. Kc6 Ke8 51. Rg1 Kf8 52. Rd1 g6 53. Rd8+ Kg7 54. Rd7 Kf6 55. Rxe7 Kxe7 56. fxg6 Kxe6 57. Kxc7 h5 58. Kxb6 h4 59. Ka7 h3 60. b6 h2 61. g7 Kf7 62. b7 h1=Q 63. b8=Q Qg1+ 64. Qb6 Qe1 65. Qxa5 Qxa5+ 0-1

[Event "*** Titled Tuesday Blitz"]
[Site "Chess.com"]
[Date "2020.11.03"]
[Round "10"]
[White "Chessalary"]
[Black "GMTalks_Youtube"]
[Result "0-1"]
[WhiteElo "2435"]
[BlackElo "2606"]
[TimeControl "180+1"]
[EndTime "12:00:52 PST"]
[Termination "GMTalks_Youtube won by resignation"]

1. d4 Nf6 2. c4 g6 3. Nc3 Bg7 4. e4 d6 5. g3 Nbd7 6. Bg2 e5 7. Nge2 O-O 8. O-O exd4 9. Nxd4 Re8 10. Re1 Nc5 11.
Bg5 h6 12. Bf4 Ng4 13. h3 Ne5 14. Bxe5 dxe5 15. Nb3 Ne6 16. Qxd8 Rxd8 17. Rad1 Bd7 18. Rd2 Be8 19. Red1 Rxd2 20. Rxd2 h5 21. h4 c6 22.
Bh3 Nd4 23. Nxd4 exd4 24. Ne2 Rd8 25. Rd3 c5 26. Bg2 b5 27. b3 bxc4 28. bxc4 Ba4 29. Nf4 Bc2 30. Rd2 d3 31. Bf1 Bc3 32. Rxd3 Bxd3 33.
Nxd3 Bd4 34. Nf4 Rb8 35. Be2 Rb2 36. a4 Ra2 37. Kf1 Ra1+ 38. Kg2 Rxa4 39. Nd5 Ra2 40. Kf1 Ra1+ 41. Kg2 Rb1 42. Nc7 Rb2 43. Kf1 Be5 44. Na6 Bd6 45. e5 Bxe5 46. Nxc5 a5 47. Na4 Rb1+ 48. Kg2 Ra1 49. Nc5 a4 50. Nd3 Bd4 51. Nb4 Rb1 52. Nc2 Bc5 53. Bd3 Rb2 54. f4 a3 55. Kf3 a2 56. Na1 Rb1 57. Nc2 Rb3 58. Na1 Rxd3+ 59. Ke4 Re3+ 60. Kd5 Re1 61. Nb3 Rb1 0-1

[Event "*** Titled Tuesday Blitz"]
[Site "Chess.com"]
[Date "2020.11.03"]
[Round "10"]
[White "Sacbutt"]
[Black "maicolbenavides"]
[Result "0-1"]
[WhiteElo "2282"]
[BlackElo "2214"]
[TimeControl "180+1"]
[EndTime "12:00:52 PST"]
[Termination "maicolbenavides won on time"]

1. e4 c5 2. Nf3 d6 3. c3 Nc6 4. d4 cxd4 5. cxd4 Nf6 6. Nc3 Bg4 7. Be3 g6 8. Be2 Bg7 9. O-O O-O 10. h3 Bd7 11. d5 Ne5 12. Nxe5 dxe5 13. Qd2 Qa5 14. a3 Rfc8 15. b4 Qd8 16. f3 Nh5 17. Rac1 Nf4 18.
Bxf4 exf4 19. Rc2 Qb6+ 20. Kh1 a5 21. b5 Be5 22. Rfc1 Rc7 23. Na4 Rxc2 24. Rxc2 Qd6 25.
Qc1 b6 26. Rc6 Bxc6 27. bxc6 Qc7 28. Qb1 Rb8 29. Bb5 Qd6 30. Qd3 e6 31. dxe6 Qxd3 32. exf7+ Kxf7 33. Bxd3 Ke7 34. c7 Rc8 35. Nxb6 Rxc7 36.
Nd5+ Kd6 37. Nxc7 Kxc7 38. a4 Kb6 39. Kg1 Kc5 40. Kf1 Kb4 41. Bb5 Kc3 42. Ke2 Kc2 43. Be8 Kc3 44. Bf7 Kb2 45. Bg8 h6 46. Kd3 g5 47. Be6 Ka3 48. Bd7 Kb4 49. Bc6 Bg7 50. e5 Bxe5 51. Ke4 Bg7 52. Kf5 Bf8 53. Kg6 Kc5 54. Be8 Kd6 55. Kf7 Be7 56. Bb5 Bd8 57.
Kg6 Ke5 58. Kxh6 Kd4 59. Kg6 Ke3 60. Kf5 Kf2 61. h4 gxh4 62. Kxf4 Kxg2 63. Bd7 h3 64. Bxh3+ Kxh3 65. Ke4 Kg3 66. f4 Kg4 67. f5 Kg5 68. Ke5 Bf6+ 69. Ke6 Bc3 0-1

[Event "*** Titled Tuesday Blitz"]
[Site "Chess.com"]
[Date "2020.11.03"]
[Round "10"]
[White "mishanick"]
[Black "WPWPWP-2015"]
[Result "1-0"]
[WhiteElo "3010"]
[BlackElo "2533"]
[TimeControl "180+1"]
[EndTime "12:00:54 PST"]
[Termination "mishanick won by checkmate"]

1. c4 e5 2. Nc3 Nf6 3. e3 Be7 4. Nf3 Nc6 5. d4 exd4 6. exd4 d5 7.
cxd5 Nxd5 8. Bc4 Be6 9. Qe2 O-O 10. O-O Nxc3 11. bxc3 Bxc4 12. Qxc4 Bd6 13. Bg5 Qd7 14. Rfe1 Rfe8 15. h3 h6 16. Be3 Ne7 17. Qd3 c5 18.
Red1 Rad8 19. Rab1 cxd4 20. Bxd4 Nc6 21. Qb5 Qe6 22.
a4 b6 23. Re1 Qg6 24. Rbd1 Rxe1+ 25. Rxe1 Nxd4 26. cxd4 Kh7 27. Qc4 Rd7 28. Nh4 Qf6 29.
Qc2+ g6 30. Nf3 Rc7 31. Qb3 Kg7 32. Qd5 Qf4 33. g3 Qf6 34. Kg2 Re7 35. Rc1 Qe6 36. Qxe6 Rxe6 37. Rc6 Bb4 38. Rc7 Re7 39. Rc4 Bd6 40. Rc6 Rd7 41. Kf1 Kf8 42. Ke2 Ke7 43. Rc8 Rc7 44. Ra8 f6 45. Kd3 Ke6 46. g4 Kd5 47.
Rd8 f5 48. gxf5 gxf5 49. Nh4 Rf7 50. Ng6 Kc6 51. Ne5+ Bxe5 52. dxe5 Rd7+ 53. Rxd7 Kxd7 54. f4 Ke6 55. Ke3 a6 56. Kf3 h5 57. Kg3 b5 58. axb5 axb5 59. Kf3 Kd5 60. Ke3 Kc5 61. Kd3 Kd5 62. Kc3 Kc5 63. Kb3 Kc6 64. Kb4 Kb6 65. e6 Kc6 66. e7 Kd7 67. Kxb5 Kxe7 68. Kc5 Ke6 69. Kc6 h4 70. Kc5 Kd7 71. Kd5 Ke7 72. Ke5 Kf7 73. Kxf5 Kg7 74. Kg4 Kg6 75. Kxh4 Kf5 76.
Kg3 Kf6 77. Kg4 Kg6 78. f5+ Kf6 79. Kf4 Kf7 80. Kg5 Kg7 81. f6+ Kf7 82. Kf5 Kf8 83.
Kg6 Kg8 84. h4 Kh8 85. Kf7 Kh7 86. Ke7 Kh6 87. f7 Kg6 88. f8=Q Kh7 89. Qf6 Kg8 90. Qg5+ Kh7 91. Kf7 Kh8 92. Qh5# 1-0

[Event "*** Titled Tuesday Blitz"]
[Site "Chess.com"]
[Date "2020.11.03"]
[Round "10"]
[White "Supernotar"]
[Black "GoltsevDmitry2000"]
[Result "0-1"]
[WhiteElo "2836"]
[BlackElo "2697"]
[TimeControl "180+1"]
[EndTime "12:00:56 PST"]
[Termination "GoltsevDmitry2000 won by resignation"]

1. d4 d5 2. c4 c6 3. e3 Nf6 4. Bd3 e6 5. Nd2 Bd6 6. Ngf3 Nbd7 7. O-O O-O 8. e4 dxe4 9. Nxe4 Nxe4 10. Bxe4 h6 11.
Bc2 Nf6 12. b3 b6 13. Bb2 Bb7 14. Qe2 Re8 15. Rad1 Qc7 16. Ne5 Rad8 17. h3 Nd7 18.
Qe4 f5 19. Qe2 Nxe5 20. dxe5 Bc5 21. Rxd8 Rxd8 22. Rd1 a5 23. Kf1 Rd7 24. Qh5 Qd8 25.
Rxd7 Qxd7 26. Qd1 Qxd1+ 27. Bxd1 Kf7 28. Ke2 Be7 29. f4 c5 30. Kf2 Bh4+ 31. g3 Be7 32. Bf3 Bxf3 33. Kxf3 g5 34. g4 Kg6 35. Bc1 Bd8 36.
Be3 Be7 37. Bd2 Bd8 38. Be3 Be7 39. a3 Bd8 40. Bd2 Be7 41. Bc1 Bd8 42. Be3 Be7 43. Bd2 Bd8 44. b4 cxb4 45. axb4 a4 46. c5 a3 47. c6 a2 48. Bc3 b5 49. Bd4 Bb6 50. Ba1 Kf7 51. Kg3 Ke8 52. h4 gxf4+ 53. Kxf4 fxg4 54. Kxg4 Kd8 55. Kh5 Kc7 56. Kxh6 Kxc6 57.
Kg6 Kd5 58. h5 Bd4 59. Bxd4 Kxd4 60. Kf6 Kd5 61. h6 a1=Q 62. h7 Qxe5+ 63. Kf7 Qh8 64. Kg6 e5 0-1

[Event "*** Titled Tuesday Blitz"]
[Site "Chess.com"]
[Date "2020.11.03"]
[Round "10"]
[White "Kavyev_Ruslan"]
[Black "PavelShkapenko"]
[Result "1/2-1/2"]
[WhiteElo "2511"]
[BlackElo "2630"]
[TimeControl "180+1"]
[EndTime "12:00:57 PST"]
[Termination "Game drawn by repetition"]

1. d4 Nf6 2. c4 e6 3. Nf3 Bb4+ 4.
Nbd2 d5 5. a3 Be7 6. g3 b6 7.
Bg2 Nbd7 8. O-O Bb7 9. cxd5 exd5 10.
Nb1 O-O 11. Nc3 Re8 12. Qb3 Bf8 13. Bg5 h6 14. Bxf6 Nxf6 15. e3 Bd6 16. Rfc1 c6 17. Qa2 a5 18. b3 Rb8 19. Qb2 Qd7 20. b4 axb4 21. axb4 b5 22. Ne1 Ra8 23. Nd3 Rxa1 24. Rxa1 Ra8 25. Ra3 Qc8 26. Nb1 Ra4 27. Nc3 Rxa3 28.
Qxa3 Qa8 29. Qxa8+ Bxa8 30. Nb1 Kf8 31. Nd2 Ke7 32.
Nb3 Bb7 33. Na5 Ba8 34. Kf1 Kd8 35. Ke2 Kc7 36. Kd2 Kb6 37. Kc3 Bb7 38. Nb3 Bc8 39. Nbc5 Bf5 40. Ne5 Bxe5 41. dxe5 Ng4 42. Bh3 Nxe3 43.
fxe3 Bxh3 44. e4 dxe4 45. Nxe4 Kc7 46. Kd4 Kd7 47. Nc5+ Ke7 48. Nb3 Ke6 49. Nc5+ Kf5 50. Ne4 Bg2 51. Nd6+ Ke6 52. Nb7 Bd5 53. Nd8+ Kf5 54.
h3 h5 55. Nb7 Bg2 56. Nd8 Bd5 57. Nb7 g5 58. Nd6+ Ke6 59. Ne8 h4 60. Ng7+ Kd7 61. gxh4 gxh4 62. Nf5 Be6 63. Nxh4 Bxh3 64. Nf3 Be6 65. Ng5 Bd5 66. Kc5 Ke7 67. Kd4 Kd7 68.
Nh7 Ke6 69. Nf6 Bf3 70. Ne8 Kd7 71. Nd6 Ke6 72. Nb7 Bd5 73. Nc5+ Ke7 74. Na6 Bg2 75. Nc5 Bd5 76. Nd3 Bh1 77. Nf4 Bf3 78. Nd3 Bh1 79. Nc5 Bg2 80. Nd3 Bh1 1/2-1/2

[Event "*** Titled Tuesday Blitz"]
[Site "Chess.com"]
[Date "2020.11.03"]
[Round "10"]
[White "Xeniya2005"]
[Black "sopo-tereladze"]
[Result "1-0"]
[WhiteElo "2399"]
[BlackElo "2312"]
[TimeControl "180+1"]
[EndTime "12:00:58 PST"]
[Termination "Xeniya2005 won by resignation"]

1. e4 e5 2. Nf3 Nc6 3. Nc3 Nf6 4.
Bb5 Bb4 5. d3 d6 6. O-O a6 7.
Ba4 Bxc3 8. bxc3 O-O 9. Bg5 b5 10. Bb3 Na5 11. Re1 Nxb3 12. cxb3 h6 13. Bh4 Bg4 14.
h3 Bh5 15. g4 Bg6 16. Nh2 Qe7 17. Qf3 Qe6 18. Bxf6 Qxf6 19. Qxf6 gxf6 20. Nf1 h5 21. Ne3 hxg4 22. hxg4 Kg7 23. Kg2 c6 24. a4 Rfb8 25. axb5 axb5 26. b4 Kf8 27. f3 Ke7 28. Kf2 Kd7 29.
c4 Rxa1 30. Rxa1 bxc4 31. Nxc4 Rxb4 32. Ra7+ Ke6 33. Rc7 d5 34. Rxc6+ Ke7 35. exd5 Bxd3 36. Nb6 Rd4 37. d6+ Ke6 38. d7+ Ke7 39. Rc8 Rxd7 40. Nxd7 Kxd7 41. Rc5 Kd6 42. Rc3 Bg6 43. Ke3 f5 44. gxf5 Bxf5 45. Ra3 Be6 46. Ra6+ Kd5 47. Ra5+ Kd6 48. Ke4 f5+ 49. Ke3 Bd5 50. Ra6+ Bc6 51. f4 exf4+ 52. Kxf4 Kc5 53. Kxf5 Kd5 54. Ra5+ Kd6 55.
Re5 Bd7+ 56. Kf6 Bc6 57. Re2 Bd5 58. Rd2 Kc5 59. Ke5 Bc4 60. Rc2 Kb4 61. Kd4 Bb3 62. Rc8 Ba4 63. Rb8+ Bb5 64. Rb7 Ka5 65. Kc5 Bd3 66. Rb3 Bc2 67. Ra3+ Ba4 68. Ra1 1-0

[Event "*** Titled Tuesday Blitz"]
[Site "Chess.com"]
[Date "2020.11.03"]
[Round "10"]
[White "Walter_White_Poland"]
[Black "Orest_Vovk"]
[Result "0-1"]
[WhiteElo "2353"]
[BlackElo "2452"]
[TimeControl "180+1"]
[EndTime "12:00:59 PST"]
[Termination "Orest_Vovk won by resignation"]

1. e4 g5 2. d4 g4 3. Qxg4 d5 4. Qg3 dxe4 5. Nc3 Nf6 6. Bf4 Rg8 7. Qe3 Nc6 8. O-O-O Nb4 9. Nxe4 Nfd5 10. Qd2 Nxa2+ 11. Kb1 Nxf4 12. Qxf4 Nb4 13. Bc4 Nd5 14. Qe5 Be6 15.
Nf3 Bg7 16. Qh5 Nc3+ 17. Nxc3 Bxc4 18. Qxh7 Kf8 19. Qe4 c6 20. Rhe1 e6 21. Ne5 Bxe5 22.
dxe5 Bd5 23. Qf4 Qa5 24. Qh6+ Ke8 25. Nxd5 cxd5 26. Qh7 Rf8 27. h4 Rc8 28. h5 Rc4 29. h6 Ra4 30. c3 Ra1+ 31. Kc2 Qa4+ 32. Kd2 Qf4+ 33. Ke2 Ra4 34. Kf1 Qh2 35. Qg7 Rh4 36.
Re3 Rxh6 37. Qg3 Qh1+ 38. Ke2 Qh5+ 39. Qf3 Qxf3+ 40. Rxf3 Rh5 41. Re3 Ke7 42. g3 Rfh8 43.
Ra1 a6 44. Ra3 Rh1 45. Rb3 b5 46. Ra3 Ra8 47. Rf3 Rb1 48. Rb3 Rc8 49. Kd2 Rc4 50. Kc2 Ra1 51. Rf4 Rxf4 52. gxf4 f6 53. Rb4 f5 54.
Rd4 Re1 55. Kb3 a5 56. Kc2 Re4 57. Kd3 Kf7 58. Rxe4 fxe4+ 59. Ke3 Kg6 60. f3 Kf5 61. fxe4+ dxe4 62. b3 a4 63. bxa4 bxa4 64. c4 a3 65. c5 a2 66. c6 a1=Q 67. c7 Qc3+ 68. Ke2 Qxc7 0-1

[Event "*** Titled Tuesday Blitz"]
[Site "Chess.com"]
[Date "2020.11.03"]
[Round "10"]
[White "annamaja"]
[Black "anpospan"]
[Result "1-0"]
[WhiteElo "2320"]
[BlackElo "2379"]
[TimeControl "180+1"]
[EndTime "12:01:01 PST"]
[Termination "annamaja won on time"]

1. e4 e5 2. Nf3 c5 3. Bc4 Nc6 4. O-O Be7 5. Nc3 Nf6 6. d3 d6 7. Bg5 Be6 8. Bxf6 Bxf6 9. Nd5 O-O 10. a4 Nd4 11. c3 Nxf3+ 12. Qxf3 Bxd5 13. Bxd5 Qe7 14. g3 g6 15. h4 Bg7 16. h5 Kh8 17. Kg2 g5 18. g4 Qf6 19. b4 Rab8 20. bxc5 Qxf3+ 21.
Kxf3 dxc5 22. Rab1 b6 23. Rb3 Bf6 24. Rfb1 Bd8 25. a5 Kg7 26. Rb5 Bc7 27. axb6 Rxb6 28. Rxb6 Bxb6 29. Ke2 h6 30. f3 Rd8 31. Kd2 Rd6 32.
Kc2 Rf6 33. Rf1 Kf8 34. Kb3 Ke7 35. Ka4 Kd6 36. Kb5 Kc7 37. Ka6 Kb8 38. Kb5 Kc7 39.
Kc4 a6 40. d4 exd4 41. cxd4 cxd4 42. e5 Rf4 43. Rc1 Kd7 44. Kd3 Bc7 45. Re1 Ke7 46. e6 f6 47. Rc1 Be5 48. Be4 Kxe6 49. Rc6+ Kd7 50. Rxa6 Bd6 51. Kxd4 Bb4 52. Kd5 Be7 53. Ra7+ Kd8 54. Ke6 Bc5 55. Ra8+ Kc7 56. Rh8 Kb6 57. Rxh6 f5 58. gxf5 Rh4 59. Rg6 Bd4 60. Kd5+ Kc7 61. Kxd4 Kd7 62. Rxg5 Ke7 63. Ke5 Kf7 64. f6 Rh1 65. Bd5+ Ke8 66. Rg8+ Kd7 67. Be6+ Kc7 68. Rc8+ 1-0

[Event "*** Titled Tuesday Blitz"]
[Site "Chess.com"]
[Date "2020.11.03"]
[Round "10"]
[White "FontVella8"]
[Black "Korchmar_Vasiliy"]
[Result "1-0"]
[WhiteElo "2509"]
[BlackElo "2611"]
[TimeControl "180+1"]
[EndTime "12:01:07 PST"]
[Termination "FontVella8 won by checkmate"]

1. e4 c5 2. Nf3 d6 3. d4 cxd4 4. Qxd4 Nc6 5. Qe3 Nf6 6. c4 g6 7.
Nc3 Bg7 8. Be2 O-O 9. O-O Ng4 10. Qd2 Be6 11. h3 Nge5 12. b3 Nxf3+ 13. Bxf3 Nd4 14. Bd1 Qa5 15. Nd5 Qxd2 16. Nxe7+ Kh8 17. Bxd2 Rfe8 18. Nd5 Bxd5 19. cxd5 Rxe4 20. Rc1 Ne2+ 21. Bxe2 Rxe2 22. Bf4 Rxa2 23. Rc7 Re8 24. Bxd6 Rd2 25. Rxb7 Rxd5 26.
Bf4 Bd4 27. Be3 Bxe3 28. fxe3 Rf5 29. Rxf5 gxf5 30. Kf2 a6 31. Rb6 Kg7 32. Rxa6 Rb8 33.
Ra3 Rb4 34. Ke2 Kf6 35. Kd3 Kg5 36. Kc3 Re4 37. Kd3 Rb4 38. Kc3 Re4 39. Ra7 Rxe3+ 40. Kc4 Re2 41. Rxf7 h5 42. g3 Rc2+ 43. Kd3 Rg2 44.
Rg7+ Kf6 45. Rg8 Kf7 46. Rg5 Kf6 47. h4 Rf2 48. b4 Rf3+ 49. Kc4 Rf1 50. b5 Rc1+ 51.
Kd5 Rb1 52. Kc6 Rc1+ 53. Kb7 Rc5 54. b6 Rc4 55. Kb8 Rc5 56. b7 Rc3 57. Rxh5 Kg6 58. Rg5+ Kf6 59. Rg8 Ke5 60. Rc8 Rb3 61. Rc6 Kd5 62.
Kc7 f4 63. Rd6+ Ke5 64. gxf4+ Kxf4 65. b8=Q Rxb8 66. Kxb8 Ke5 67. Rh6 Kf5 68. Rh8 Kg4 69.
h5 Kh3 70. h6 Kg3 71. Kc7 Kh2 72. Kd6 Kg2 73. h7 Kh1 74. Rg8 Kh2 75. h8=Q# 1-0

[Event "*** Titled Tuesday Blitz"]
[Site "Chess.com"]
[Date "2020.11.03"]
[Round "10"]
[White "kreonx"]
[Black "Kapibara_Warri0r"]
[Result "0-1"]
[WhiteElo "2279"]
[BlackElo "2164"]
[TimeControl "180+1"]
[EndTime "12:01:07 PST"]
[Termination "Kapibara_Warri0r won by checkmate"]

1. e4 e5 2. Nc3 Nf6 3. g3 Be7 4. Bg2 O-O 5. Nge2 c6 6. d4 d6 7. O-O Nbd7 8. f4 exd4 9. Nxd4 Qb6 10. h3 d5 11. e5 Nh5 12. Kh2 g6 13. g4 Ng7 14. g5 Nc5 15. Rb1 Nce6 16. Be3 Nxd4 17. Bxd4 Qc7 18. Ne2 Nf5 19. Ng3 Nh4 20. Bh1 Qd7 21.
f5 Bxg5 22. Qg4 h6 23. e6 fxe6 24. fxg6 Nxg6 25. Rxf8+ Nxf8 26. h4 e5 27. Qxd7 Nxd7 28. hxg5 exd4 29. gxh6 Ne5 30. Re1 Ng4+ 31. Kg1 Bd7 32.
Re7 Rd8 33. Bf3 Nxh6 34. Nh5 Nf5 35. Nf6+ Kf8 36. Rh7 Be6 37. Bh5 Rd6 38. Rh8+ Ke7 39. Ng4 Kd7 40. Rh7+ Kc8 41. Ne5 Rd8 42. Rh8 Rxh8 43.
Bf3 Rg8+ 44. Kf2 Nh4 45. Be2 Rf8+ 46. Kg3 Nf5+ 47. Kf2 Nd6+ 48. Ke1 Nc4 49. Nd3 Bf5 50. b3 Bxd3 51. cxd3 Ne5 52. Kd2 Nf3+ 53. Kc2 Ng1 54. Bg4+ Kc7 55. b4 Rf2+ 56. Kb3 Rg2 57. Bf5 Ne2 58. b5 Nf4 59. b6+ Kxb6 60. Bd7 Rd2 61. Ka4 Nxd3 62. a3 Nb2+ 63. Kb3 Nc4 64. a4 Rb2# 0-1

[Event "*** Titled Tuesday Blitz"]
[Site "Chess.com"]
[Date "2020.11.03"]
[Round "10"]
[White "ljuks68"]
[Black "karwowskikacper"]
[Result "1-0"]
[WhiteElo "2371"]
[BlackElo "2441"]
[TimeControl "180+1"]
[EndTime "12:01:08 PST"]
[Termination "ljuks68 won by checkmate"]

1. e4 c5 2. Nf3 e6 3. d4 cxd4 4. Nxd4 Nf6 5. Nc3 Bb4 6. e5 Nd5 7. Qg4 Kf8 8. Bd2 d6 9. exd6 Qxd6 10. Qg3 Qxg3 11. hxg3 Bxc3 12. bxc3 e5 13. c4 Nc7 14. Bb4+ Kg8 15. Nf3 f6 16. O-O-O Nc6 17. Bd6 Ne6 18. c5 g6 19. Bc4 Kg7 20. c3 h6 21. Kc2 Ng5 22. Nxg5 hxg5 23. Rxh8 Kxh8 24. Bc7 Bf5+ 25. Kb2 Rc8 26. Bd6 Kg7 27. Bd5 Rh8 28. Kb3 g4 29.
Ka4 a6 30. Bxc6 bxc6 31. Ka5 Rh2 32. Kxa6 Rxg2 33. Kb6 Rxf2 34. Kxc6 Rxa2 35. Kd5 Rc2 36. c6 Rxc3 37. c7 Kf7 38. Rf1 Be6+ 39. Ke4 Rc4+ 40.
Ke3 Rc3+ 41. Ke4 Rc6 42. Bxe5 Bf5+ 43. Kd5 Rc2 44. Rxf5 gxf5 45. Bd6 Rc1 46. Bc5 Rd1+ 47. Kc6 f4 48. c8=Q fxg3 49. Qxg4 Rd3 50. Qh5+ Ke6 51.
Qg4+ f5 52. Qg6+ Ke5 53. Bd6+ Ke4 54. Bxg3 Rc3+ 55. Kd6 Ra3 56. Qe6+ Kd4 57. Qf6+ Ke4 58. Qg5 Ra6+ 59. Ke7 Ra7+ 60. Kf8 Ra3 61. Qf4+ Kd5 62.
Qd6+ Ke4 63. Qxa3 f4 64. Qd6 fxg3 65. Qxg3 Kf5 66. Qh4 Kg6 67. Qf4 Kh5 68. Qg3 Kh6 69.
Kf7 Kh5 70. Kf6 Kh6 71. Qh3# 1-0

[Event "*** Titled Tuesday Blitz"]
[Site "Chess.com"]
[Date "2020.11.03"]
[Round "10"]
[White "Beca95"]
[Black "SGchess01"]
[Result "0-1"]
[WhiteElo "2948"]
[BlackElo "2865"]
[TimeControl "180+1"]
[EndTime "12:01:13 PST"]
[Termination "SGchess01 won by resignation"]

1. e4 e5 2. Nf3 Nc6 3. Bb5 a6 4. Bxc6 dxc6 5. d3 f6 6. Nbd2 Ne7 7. Nc4 c5 8. a4 Nc6 9. h3 Be6 10. b3 a5 11. Na3 b6 12. Be3 Qd7 13. O-O g5 14. Nd2 h5 15. Nac4 O-O-O 16. Rb1 Be7 17. Kh2 Kb7 18. Qe2 Nd4 19. Bxd4 cxd4 20. Rfc1 Bb4 21.
Nf1 c6 22. Ncd2 Qe7 23. Ng3 Qd7 24. Ngf1 Ra8 25. Qf3 Rh6 26. Qe2 Re8 27. Ra1 f5 28.
exf5 Bxf5 29. Ne4 g4 30. h4 Bxe4 31. Qxe4 Rf6 32. Ng3 Qf7 33. Rf1 Rf4 34. Qe2 Qf6 35. Ne4 Qxh4+ 36. Kg1 Qe7 37. g3 Rf3 38. Kg2 h4 39.
Rh1 h3+ 40. Kh2 Ref8 41. Rhf1 R8f5 42. Rab1 Qf8 43. Rbc1 Be7 44. c3 dxc3 45. Rxc3 Bc5 46. Rxc5 bxc5 47. Qc2 Kb6 48. Qd2 Qe7 49. Qc2 Rf8 50. Qe2 Rd8 51. Nd2 Rfxd3 52. Nc4+ Kc7 53. Qxg4 e4 54. Qf4+ Kb7 55. Nxa5+ Kb6 56. Nc4+ Ka6 57. Qh6 Qc7 58. Re1 Rf3 59. Re2 Rdf8 60. Qd2 Rg8 61.
Qd6 Qxd6 62. Nxd6 Rxb3 63. Nxe4 c4 64. Rc2 Re8 65. Nd6 Re1 66. Nxc4 Rbb1 67. Kxh3 Rbc1 68.
Rxc1 Rxc1 69. Ne5 c5 70. f4 c4 71. Nxc4 Rxc4 72. Kg4 Kb7 73. Kf5 Kc6 74. g4 Kd7 75.
a5 Ke7 76. a6 Ra4 77. Kg6 Rxa6+ 78. Kh5 Kf6 79. f5 Ra1 0-1

[Event "*** Titled Tuesday Blitz"]
[Site "Chess.com"]
[Date "2020.11.03"]
[Round "10"]
[White "Harsha_Bharathakoti"]
[Black "Bigfish1995"]
[Result "1-0"]
[WhiteElo "2822"]
[BlackElo "2983"]
[TimeControl "180+1"]
[EndTime "12:01:19 PST"]
[Termination "Harsha_Bharathakoti won by resignation"]

1. d4 f5 2. c4 e6 3. Nf3 Nf6 4. g3 d5 5. Bg2 c6 6. O-O Bd6 7. b3 Qe7 8. Qc2 O-O 9. Nc3 Nbd7 10. Bf4 Bxf4 11. gxf4 Ne4 12. e3 Rf6 13. Nxe4 fxe4 14. Ne5 Nxe5 15. fxe5 Rh6 16. f3 Qh4 17. h3 Qg3 18.
Qf2 Rxh3 19. Qxg3 Rxg3 20. Kh2 Rg5 21. fxe4 dxc4 22. bxc4 c5 23. Rf4 Bd7 24. Raf1 Rd8 25. Bh3 h6 26. Rf7 Kh7 27. Re7 b5 28. cxb5 Bxb5 29.
Rd1 Be2 30. Rd2 Bf3 31. Bxe6 Bxe4 32. Bh3 c4 33. Rc7 Rxe5 34. Rxc4 Bg6 35. Rc3 Rg5 36. Rf2 Re8 37. Rg2 Rh5 38. Rg3 Be4 39. Kg1 Re7 40. Bg4 Ra5 41. a3 Rb7 42. Kh2 Rb2+ 43.
Kh3 Rg5 44. Rc1 Ra2 45. Be6 Rh5+ 46. Kg4 Rah2 47. Kf4 Bd3 48. d5 Rf2+ 49. Rf3 Rd2 50. e4 Rh4+ 51. Ke5 Rxe4+ 52. Kd6 Ree2 53. Rc8 h5 54.
Bg8+ Kh6 55. Be6 Be4 56. Rg3 g5 57. Rh8+ Kg6 58. Rg8+ Kf6 59. R8xg5 h4 60. Rg1 h3 61. Rh5 Bg2 62. Bxh3 Kg6 63. Bxg2 Kxh5 64. Bf3+ Kh6 65. Bxe2 Rxe2 66. Kc6 Rb2 67. d6 Rb6+ 68. Kc7 Rb1 69. d7 Rxg1 70. d8=Q Rc1+ 71. Kb7 Rc3 72. Qd2+ 1-0

[Event "*** Titled Tuesday Blitz"]
[Site "Chess.com"]
[Date "2020.11.03"]
[Round "10"]
[White "m_ezat"]
[Black "MariaFominykh"]
[Result "1-0"]
[WhiteElo "2544"]
[BlackElo "2347"]
[TimeControl "180+1"]
[EndTime "12:01:20 PST"]
[Termination "m_ezat won on time"]

1. d4 d6 2. c4 e5 3. Nf3 e4 4.
Ng5 f5 5. h4 Nf6 6. Nc3 g6 7.
Nh3 Bg7 8. Bg5 h6 9. Bxf6 Qxf6 10. e3 c6 11. Nf4 Na6 12. Be2 h5 13. a3 Bd7 14. b4 Nc7 15. Rh3 Ne6 16. Nxe6 Bxe6 17. Rc1 O-O 18. Rg3 d5 19. cxd5 cxd5 20. Nb5 Rac8 21. Nxa7 Rxc1 22. Qxc1 Ra8 23. Nb5 Rc8 24. Qd2 Bf7 25. Rh3 Qa6 26. Qb2 Qa4 27. Nc3 Qc6 28. Kd2 Bf8 29. Rh1 Be7 30. g3 Ra8 31.
Rc1 Qf6 32. Nb5 g5 33. hxg5 Qxg5 34. Rh1 Rc8 35. Nc3 Kg7 36. Qb3 Rd8 37. Na4 Qh6 38. Nc5 b6 39. Na4 Bf6 40. Qc3 Bg5 41. Qc7 Rd6 42. Bb5 Bd8 43. Qb7 h4 44. Be8 Rf6 45. gxh4 f4 46. Rg1+ Kf8 47. Bxf7 fxe3+ 48. fxe3 Rf2+ 49.
Kd1 Rxf7 50. Qxd5 Bxh4 51. Qxe4 Qh5+ 52. Kc2 Qe2+ 53. Kb3 Rf2 54. Nc3 Qb2+ 55. Kc4 Qxa3 56. Qxh4 Qa6+ 57. b5 Qc8+ 58. Kb3 Qe6+ 59. d5 Qxe3 60.
Qd8+ Kf7 61. Qg8+ Ke7 62. Rg7+ Kd6 63. Qd8+ Kc5 64. Qc7+ Kd4 65. Qxb6+ Kd3 66. Qxe3+ Kxe3 67. d6 Kd4 68. d7 Rf3 69. Rg4+ Kc5 70. d8=Q Rxc3+ 71. Kxc3 Kxb5 72. Qd5+ 1-0